 Dungeon Crawl Stone Soup version 0.26.0-45-g9c1d065592 (webtiles) character file.

Game seed: 11962999468779880521

153 kreisler the Sneak (level 5, 0/35 HPs)
             Began as an Octopode Brigand on Jan 30, 2021.
             Succumbed to a worker ant's poison
             ... on level 4 of the Dungeon.
             The game lasted 00:07:19 (2903 turns).

kreisler the Sneak (Octopode Brigand)               Turns: 2903, Time: 00:07:19

Health: 0/35       AC:  3    Str: 11    XL:     5   Next: 35%
Magic:  5/5        EV: 13    Int: 13    God:
Gold:   202        SH:  0    Dex: 14    Spells: 4/4 levels left

rFire    . . .     SeeInvis .   a - +2 dagger
rCold    . . .     Faith    .   (no shield)
rNeg     . . .     Spirit   .   (helmet restricted)
rPois    .         Reflect  .   (no amulet)
rElec    .         Harm     .   (no ring)
rCorr    .         Rampage  .   (no ring)
Will     .....                  (no ring)
Stlth    +++++.....             (no ring)
HPRegen  0.11/turn              (no ring)
MPRegen  0.09/turn              (no ring)
                                (no ring)
                                (no ring)

@: lethally poisoned (0 -> -6), very slightly contaminated, invisible
A: almost no armour, stealthy swim, amphibious, 8 rings, constrict 8, slimy
green scales 1, camouflage 1, deterioration 1, gelatinous body 1
a: no special abilities


You were on level 4 of the Dungeon.
You visited 1 branch of the dungeon, and saw 5 of its levels.

You collected 202 gold pieces.

Inventory:

Hand Weapons
 a - a +2 dagger (weapon)
Missiles
 b - 26 poisoned darts (quivered)
 c - 2 curare-tipped darts
Jewellery
 g - a +4 ring of slaying {unknown}
Wands
 m - a wand of polymorph (11)
Scrolls
 d - a scroll of teleportation
 e - a scroll of remove curse
 k - 3 scrolls of identify
Potions
 f - a potion of attraction
 i - a potion of brilliance


   Skills:
 + Level 2.3 Fighting
 + Level 3.2 Short Blades
 + Level 2.1 Throwing
 + Level 1.8 Dodging
 + Level 7.5 Stealth


You had 4 spell levels left.
You didn't know any spells.
Your spell library contained the following spells:

 Spells                   Type           Power        Failure   Level
 Sting                    Tmut/Pois      0%           30%         1
 Poisonous Vapours        Pois/Air       0%           43%         2
 Ignite Poison            Fire/Tmut/Pois 0%           67%         3
 Mephitic Cloud           Conj/Pois/Air  0%           67%         3
 Olgreb's Toxic Radiance  Pois           0%           97%         4


Dungeon Overview and Level Annotations

Branches:
Dungeon (5/15)
 Temple: D:4-7

Altars:
Fedhas
Okawaru


Innate Abilities, Weirdness & Mutations

You cannot wear most types of armour.
You are very stealthy in the water. (Stealth+)
You are amphibious.
You can wear up to eight rings at the same time.
You can use your tentacles to constrict eight enemies at once.
Your skin changes colour to match your surroundings (Stealth+).
Your rubbery body absorbs attacks. (AC +1, EV +1)
You are partially covered in slimy green scales. (AC +2)
Your body sometimes deteriorates upon taking damage.


Message History

You feel strangely unstable.
It was a scroll of teleportation.
* * * LOW HITPOINT WARNING * * *
You feel sick.
As you read the scroll labelled ACZIDE AFITWEU, it crumbles to dust.
The scroll dissolves into smoke.
It was a scroll of fog.
* * * LOW HITPOINT WARNING * * *
You feel sick.
* * * LOW HITPOINT WARNING * * *
You feel sick.
* * * LOW HITPOINT WARNING * * *
You feel sick.
You see here an adder corpse.
Your surroundings suddenly seem different.
* * * LOW HITPOINT WARNING * * *
You feel sick.
* * * LOW HITPOINT WARNING * * *
You feel sick.
* * * LOW HITPOINT WARNING * * *
You feel sick.
You die...

### ..# #.# #.# #.# #@# #.#
#.# #..###.####### ..
..............# #.#
##########.##.# #.###########
#.##.# ###
#.#.........###.##.#######.##
#.#.#######.##..........<...#


There were no monsters in sight!

Vanquished Creatures
  2 worker ants
  A gnoll (D:1)
  3 adders
  2 dart slugs
  A leopard gecko (D:2)
  2 orcs (D:3)
  A ball python (D:2)
  5 bats
  3 giant cockroaches
  6 goblins
  7 hobgoblins
  8 jackals (D:1)
  3 kobolds
  A quokka (D:3)
  3 frilled lizards
  A quokka skeleton (D:4)
  12 rats
61 creatures vanquished.

Notes
Turn   | Place    | Note
-------+----------+-------------------------------------------
     0 | D:1      | kreisler the Octopode Brigand began the quest for the Orb.
     0 | D:1      | Reached XP level 1. HP: 14/14 MP: 1/1
    43 | D:1      | Reached XP level 2. HP: 19/19 MP: 2/2
    67 | D:1      | Reached skill level 6 in Stealth
   352 | D:1      | Reached XP level 3. HP: 15/24 MP: 3/3
  1495 | D:2      | Reached XP level 4. HP: 28/29 MP: 4/4
  1787 | D:2      | Found a blossoming altar of Fedhas.
  2011 | D:3      | You fall into a shaft and drop 2 floors!
  2011 | D:5      | Entered Level 5 of the Dungeon
  2052 | D:4      | Found an iron altar of Okawaru.
  2210 | D:3      | Reached skill level 7 in Stealth
  2681 | D:3      | Reached XP level 5. HP: 33/34 MP: 5/5
  2891 | D:4      | Gained mutation: Your body sometimes deteriorates upon
                  | taking damage. [potion of mutation]
  2891 | D:4      | Gained mutation: You are partially covered in slimy green
                  | scales. (AC +2) [potion of mutation]
  2899 | D:4      | HP: 1/35 [poisoned by a worker ant]
  2903 | D:4      | Succumbed to a worker ant's poison

Illustrated notes

Levels and vault maps discovered:
D:1:      minmay_arrival_wavy_path, layout_basic
D:2:      layout_basic, lemuel_coloured_pillars_altar
D:3:      layout_basic
D:4:      layout_loops_ring, nemelex_xobeh_ov_fountains_minmay,
          okawaru_gym_becter, elyvilon_altar_4
D:5:      layout_loops_corners

Skill      XL: |  1  2  3  4  5 |
---------------+----------------+-----
Stealth        | 6 7 |  7.5
Short Blades   | 3 |  3.2
Fighting       | |  2.3
Throwing       | |  2.1
Dodging        | |  1.8

Action                   |  1- 3 |  4- 6 || total
-------------------------+-------+-------++-------
Melee: Dagger            |    52 |    53 ||   105
       Constrict         |     7 |    13 ||    20
       Tentacles         |     4 |     5 ||     9
Throw: Dart              |       |     4 ||     4
  Use: Potion            |     3 |     5 ||     8
       Scroll            |     2 |     4 ||     6
 Stab: Sleeping          |    15 |    10 ||    25
Armor: Skin              |       |     3 ||     3
Dodge: Dodged            |    17 |    19 ||    36
